 Dungeon Crawl Stone Soup version 0.27.1-37-g7b29ead8ac (webtiles) character file.

Game seed: 12058223514849642011

4615 AarnesTheHuman the Blocker (level 10, -3/80 HPs)
             Began as a Formicid Fighter on June 5, 2023.
             Was a Follower of Yredelemnul.
             Slain by a five-headed hydra (10 damage)
             ... on level 7 of the Dungeon.
             The game lasted 00:11:47 (10683 turns).

AarnesTheHuman the Blocker (Formicid Fighter)      Turns: 10683, Time: 00:11:48

Health: -3/80      AC: 11    Str: 24    XL:     10   Next: 69%
Magic:  16/16      EV: 10    Int:  8    God:    Yredelemnul [*.....]
Gold:   1311       SH: 18    Dex: 16    Spells: 9/9 levels left

rFire    . . .     SeeInvis +   a - +1 quarterstaff (vorpal)
rCold    + . .     Faith    .   c - +1 kite shield
rNeg     + . .     Spirit   .   u - +5 ring mail of Geuseigh {rElec rPois rC+}
rPois    +         Reflect  +   (helmet unavailable)
rElec    +         Harm     .   (no cloak)
rCorr    .         Rampage  .   (no gloves)
Will     +....                  (no boots)
Stlth    +.........             o - amulet of reflection
HPRegen  0.23/turn              i - +6 ring of dexterity
MPRegen  0.15/turn              w - ring of positive energy

@: no status effects
A: permanent stasis, dig shafts and tunnels, antennae 3, four strong arms
a: Dig, Shaft Self, Renounce Religion, Animate Remains


You were on level 7 of the Dungeon.
You worshipped Yredelemnul.
Yredelemnul was aware of your devotion.
You visited 2 branches of the dungeon, and saw 9 of its levels.

You collected 1311 gold pieces.

Inventory:

Hand Weapons
 a - a +1 vorpal quarterstaff (weapon)
 r - a +0 spear of venom
 z - a +0 hand crossbow
Missiles
 h - 29 poisoned darts (quivered)
 j - 86 arrows
 k - 63 sling bullets
 p - 8 atropa-tipped darts
 t - 82 bolts
Armour
 b - a +0 scale mail
 c - a +1 kite shield (worn)
 u - the +5 ring mail of Geuseigh (worn) {rElec rPois rC+}
   (You found it on level 4 of the Dungeon)

   rC:        It protects you from cold.
   rElec:     It insulates you from electricity.
   rPois:     It protects you from poison.
Jewellery
 f - an amulet of faith
 g - a ring of wizardry
 i - a +6 ring of dexterity (left hand)
 o - an amulet of reflection (around neck)
 w - a ring of positive energy (right hand)
 x - a +4 ring of evasion
 A - a ring of protection from cold
Wands
 n - a wand of mindburst (8)
 C - a wand of flame (45)
Scrolls
 l - 2 scrolls of magic mapping
 y - a scroll of acquirement
 B - a scroll of fog
 D - 2 scrolls of amnesia
Potions
 d - 4 potions of might
 e - 2 potions of attraction
 m - 3 potions of curing
 q - a potion of resistance
 s - 2 potions of lignification
 v - 3 potions of heal wounds {unknown}
 E - a potion of cancellation {unknown}
 G - a potion of brilliance {unknown}


   Skills:
 + Level 8.0 Fighting
 + Level 7.0 Staves
 - Level 8.0 Armour
 - Level 9.0 Shields
 - Level 8.0 Invocations


You had 9 spell levels left.
You didn't know any spells.
Your spell library contained the following spells:

 Spells                   Type           Power      Damage    Failure   Level
 Dazzling Flash           Conj/Hex       0%         N/A       88%         3
 Iskenderun's Mystic Bla  Conj/Tloc      0%         2d3       99%         4
 Leda's Liquefaction      Hex/Erth       0%         N/A       99%         4
 Bolt of Magma            Conj/Fire/Erth 0%         4d4       100%        5
 Starburst                Conj/Fire      0%         6d3       100%        6
 Statue Form              Tmut/Erth      0%         N/A       100%        6


Dungeon Overview and Level Annotations

Branches:
Dungeon (8/15)             Temple (1/1) D:7
   Lair: D:8-11

Altars:
Ashenzari
Cheibriados
Dithmenos
Elyvilon
Fedhas
Hepliaklqana
Kikubaaqudgha
Makhleb
Nemelex Xobeh
Okawaru
Qazlal
Ru
Sif Muna
Trog
Uskayaw
Vehumet
Xom
Yredelemnul
Zin


Innate Abilities, Weirdness & Mutations

You cannot be hasted, slowed, berserked, paralysed or teleported.
You can dig through walls and to a lower floor.
You have a pair of large antennae on your head. (SInv)
Your four strong arms can wield two-handed weapons with a shield.


Message History

You block the five-headed hydra's attack.
The five-headed hydra bites you but does no damage.
You block the five-headed hydra's attack.
The five-headed hydra closely misses you.
You thump the five-headed hydra!
The five-headed hydra is moderately wounded.
The five-headed hydra bites you.
You block the five-headed hydra's attack. x3
The five-headed hydra completely misses you.
You hit the five-headed hydra.
The five-headed hydra is moderately wounded.
The five-headed hydra barely misses you.
You block the five-headed hydra's attack.
The five-headed hydra bites you! x2
The five-headed hydra closely misses you.
You sock the five-headed hydra!
The five-headed hydra is heavily wounded.
The five-headed hydra bites you but does no damage.
The five-headed hydra bites you.
You block the five-headed hydra's attack. x2
The five-headed hydra bites you.
You thump the five-headed hydra!
The five-headed hydra is heavily wounded.
You block the five-headed hydra's attack.
The five-headed hydra bites you.
You block the five-headed hydra's attack.
The five-headed hydra bites you!
* * * LOW HITPOINT WARNING * * *
The five-headed hydra barely misses you.
Aiming: Mindburst
Press: ? - help, Shift-Dir - straight line, f - five-headed hydra
Aim: a five-headed hydra (heavily wounded, chance to affect: 30%)
The five-headed hydra's minds are blasted!!
You block the five-headed hydra's attack. x2
The five-headed hydra bites you!
* * * LOW HITPOINT WARNING * * *
The five-headed hydra completely misses you.
The five-headed hydra bites you!
You die...
Your body rises from the dead as a mindless zombie.

#..##########
#......# #....#.#
#...>#.#
##############....#.#
.............###....#
....####.....# #J####
....# ###...# #D#
....#######..# #@#
#........##..# #.#
#...#....###.# #.#
#...#....# #.# #.#
##..##...# #.# #.#
#..####[###.# #.#
###..........###.#
.###...........#.#
..####.......#...#


You could see a five-headed hydra and a slime creature.

Vanquished Creatures
  A komodo dragon (D:7)
  A troll (D:7)
  Eustachio (D:4)
  Sigmund (D:5)
  3 yaks (D:8)
  2 steam dragons
  A water moccasin (D:8)
  2 ice beasts
  A necrophage (D:7)
  3 black bears
  3 orc warriors
  A sky beast (D:3)
  A centaur (D:8)
  5 ogres
  A phantom (D:5)
  3 kobold brigands
  Blork the orc (D:5)
  3 bullfrogs
  A killer bee (D:7)
  4 wights
  2 howler monkeys (D:7)
  2 bullfrog skeletons
  3 orc priests
  3 iguanas
  3 jellies (D:6)
  A gnoll shaman (D:7)
  Ijyb (D:5)
  8 orc wizards
  A hound skeleton (D:4)
  A howler monkey zombie (D:7)
  4 adders
  8 gnolls
  3 howler monkey skeletons (D:7)
  A shadow imp (D:7)
  A white imp (D:7)
  A worm (D:4)
  16 orcs
  6 ball pythons
  4 endoplasms
  2 giant cockroaches (D:1)
  6 goblins
  9 hobgoblins
  3 jackals
  21 kobolds
  2 quokkas
  6 bats
  5 frilled lizards
  3 rats
  A spectral kobold (D:2)
166 creatures vanquished.

Vanquished Creatures (others)
  A butterfly (D:6)
1 creature vanquished.

Grand Total: 167 creatures vanquished

Notes
Turn   | Place    | Note
-------+----------+-------------------------------------------
     0 | D:1      | AarnesTheHuman the Formicid Fighter began the quest for the
                  | Orb.
     0 | D:1      | Reached XP level 1. HP: 18/18 MP: 1/1
   351 | D:1      | Reached XP level 2. HP: 24/24 MP: 2/2
   652 | D:1      | Reached XP level 3. HP: 29/29 MP: 3/3
   668 | D:1      | Reached skill level 4 in Shields
  1130 | D:2      | Found a bloodstained altar of Trog.
  1201 | D:2      | Found a faded altar of an unknown god.
  1558 | D:2      | Reached XP level 4. HP: 27/37 MP: 4/4
  2178 | D:3      | Noticed a sky beast
  2191 | D:3      | Killed a sky beast
  2192 | D:3      | Reached XP level 5. HP: 20/42 MP: 5/5
  2874 | D:3      | Reached XP level 6. HP: 49/49 MP: 6/6
  3212 | D:3      | Noticed a black bear
  3219 | D:3      | Killed a black bear
  3220 | D:3      | Reached skill level 5 in Shields
  3279 | D:3      | Found a sacrificial altar of Ru.
  3530 | D:4      | Noticed a black bear
  3544 | D:4      | Killed a black bear
  3545 | D:4      | Reached skill level 5 in Armour
  3545 | D:4      | Reached XP level 7. HP: 47/55 MP: 7/7
  3622 | D:4      | Noticed Eustachio
  3667 | D:4      | HP: 1/55 [quokka[Eustachio] (2)]
  3682 | D:4      | Killed Eustachio
  3683 | D:4      | Reached skill level 5 in Fighting
  4136 | D:4      | Identified the +5 ring mail of Geuseigh {rElec rPois rC+}
  4375 | D:5      | Entered Level 5 of the Dungeon
  4388 | D:5      | Reached skill level 6 in Shields
  4388 | D:5      | Reached XP level 8. HP: 16/63 MP: 8/8
  4899 | D:5      | Noticed Ijyb
  4910 | D:5      | Killed Ijyb
  5114 | D:5      | Noticed Blork the orc
  5119 | D:5      | Killed Blork the orc
  5282 | D:5      | Reached skill level 5 in Staves
  5822 | D:5      | Reached skill level 7 in Shields
  5865 | D:5      | Noticed Sigmund
  5880 | D:5      | Killed Sigmund
  5881 | D:5      | Reached XP level 9. HP: 67/71 MP: 9/9
  6534 | D:6      | Found a white marble altar of Elyvilon.
  6709 | D:6      | Reached skill level 8 in Shields
  6975 | D:7      | Identified a scroll of acquirement
  6986 | D:7      | Found a hazy altar of Hepliaklqana.
  7574 | D:7      | HP: 1/72 [orc warrior (6)]
  7972 | D:7      | Found a staircase to the Ecumenical Temple.
  8004 | Temple   | Entered the Ecumenical Temple
  8328 | Temple   | Became a worshipper of Yredelemnul the Dark
  8393 | D:7      | Reached XP level 10. HP: 80/80 MP: 10/10
  8396 | D:7      | Noticed a komodo dragon
  8413 | D:7      | Killed a komodo dragon
  8600 | D:7      | Reached skill level 9 in Shields
  8603 | D:7      | Reached skill level 5 in Invocations
  8816 | D:7      | Acquired 921 gold pieces
 10250 | D:8      | Reached * piety under Yredelemnul
 10657 | D:8      | Noticed a five-headed hydra
 10683 | D:7      | Slain by a five-headed hydra

Illustrated notes

Levels and vault maps discovered:
D:1:      beargit_arrival_greenhouse, layout_basic, minmay_misc_feat_nine_boxes,
          minivault_11
D:2:      layout_loops_ring, basic_altar,
          dreamdust_ecumenical_altar_drowned_temple, kennysheep_generic_room_7
D:3:      layout_basic, mainiacjoe_overflow_surrounded_room
D:4:      layout_gridville, uniq_eustachio
D:5:      layout_loops_cross, st_stairs_7, kennysheep_windowed_goal,
          uniq_sigmund, uniq_blork_the_orc, uniq_ijyb
D:6:      layout_gridville, nicolae_elyvilon_peaceful_grove
D:7:      minmay_recursive_quarters, layout_basic, nzn_hepliaklqana_mist_gate,
          minmay_temple_entry_sparse_star
D:8:      cheibrodos_elevator_heist, layout_gridville, minmay_misc_feat_hallway
Temple:   eino_temple_rhombus

Skill      XL: |  1  2  3  4  5  6  7  8  9 10 |
---------------+-------------------------------+-----
Shields        | 4 5 6 7 8 9 |  9.0
Fighting       | 4 5 6 7 8 |  8.0
Staves         | 3 4 5 6 7 |  7.0
Armour         | 4 5 6 7 8 |  8.0
Invocations    | 8 |  8.0

Action                   |  1- 3 |  4- 6 |  7- 9 | 10-12 || total
-------------------------+-------+-------+-------+-------++-------
Melee: Quarterstaff      |   109 |   128 |   325 |   152 ||   714
Throw: Dart              |       |       |     2 |       ||     2
 Abil: Dig               |       |       |     2 |     1 ||     3
Evoke: Wand              |       |       |     1 |     1 ||     2
  Use: Scroll            |       |     7 |     6 |     4 ||    17
       Potion            |       |       |     1 |       ||     1
Armor: Scale mail        |    44 |    60 |    41 |       ||   145
       Ring mail         |       |       |    55 |    46 ||   101
Dodge: Dodged            |    41 |    49 |   123 |    45 ||   258
Block: Kite shield       |    66 |    86 |   257 |   167 ||   576
       Reflection        |       |       |     7 |     3 ||    10
